 Dungeon Crawl Stone Soup version 0.25-a0-591-g2ad0d861f1 (webtiles) character file.

Game seed: 5090409864196396264, levelgen mode: deterministic

66 Delarado the Ruffian (level 4, 31/31 HPs)
             Began as an Octopode Fighter on Mar 14, 2020.
             Was a Follower of Wu Jian.
             Quit the game on level 2 of the Dungeon.
             The game lasted 00:02:22 (1435 turns).

Delarado the Ruffian (Octopode Fighter)             Turns: 1435, Time: 00:02:23

Health: 31/31      AC:  1    Str: 15    XL:     4   Next: 15%
Magic:  4/4        EV: 11    Int: 10    God:    Wu Jian [*.....]
Gold:   54         SH:  8    Dex: 12    Spells: 3/3 levels left

rFire    . . .     SeeInvis .     - Unarmed
rCold    . . .     Gourm    .   a - +0 kite shield
rNeg     . . .     Faith    .   (helmet restricted)
rPois    .         Spirit   .   (no amulet)
rElec    .         Reflect  .   (no ring)
rCorr    .         Harm     .   (no ring)
MR       .....                  (no ring)
Stlth    ++........             (no ring)
HPRegen  0.10/turn              (no ring)
MPRegen  0.09/turn              (no ring)
                                (no ring)
                                (no ring)

@: no status effects
A: almost no armour, stealthy swim, amphibious, 8 rings, constrict 8, camouflage
1, gelatinous body 1
a: Renounce Religion


You were on level 2 of the Dungeon.
You worshipped Wu Jian.
Wu Jian was aware of your devotion.
You were not hungry.

You visited 1 branch of the dungeon, and saw 2 of its levels.

You collected 54 gold pieces.

Inventory:

Missiles
 e - 32 stones (quivered)
Armour
 a - a +0 kite shield (worn)
Scrolls
 h - a scroll of identify {unknown}
 j - a scroll of remove curse {unknown}
 l - a scroll of noise {unknown}
Potions
 b - a potion of might
 d - a potion of haste {unknown}
 g - a potion of degeneration {unknown}
 i - 2 potions of magic {unknown}
 k - a potion of curing {unknown}
Comestibles
 c - a ration
 f - 4 chunks of flesh


   Skills:
 - Level 3.0 Fighting
 - Level 3.0 Dodging
 - Level 3.0 Shields
 + Level 4.3 Unarmed Combat


You had 3 spell levels left.
You didn't know any spells.
Your spell library was empty.

Dungeon Overview and Level Annotations

Branches:
Dungeon (2/15)

Altars:
Fedhas
Wu Jian

Annotations:
D:2 exclusion: oklob plant


Innate Abilities, Weirdness & Mutations

You cannot wear most types of armour.
You are very stealthy in the water. (Stealth+)
You are amphibious.
You can wear up to eight rings at the same time.
You can use your tentacles to constrict eight enemies at once.
Your skin changes colour to match your surroundings (Stealth+).
Your rubbery body absorbs attacks. (AC +1, EV +1)


Message History

No target in view!
You start resting.
Eating one of 7 chunks of flesh.
You eat one of the 7 chunks of flesh.
This raw flesh tastes terrible.
HP restored.
You butcher the rat corpse.
f - 7 chunks of flesh (gained 1)
You see here a rat skeleton. x2
l - a scroll labeled ACULUL GOOJUMP
Found a faded altar of an unknown god.
There is a faded altar of an unknown god here.
You cannot tell which god this altar belongs to.
Convert to them anyway?
Wu Jian accepts your prayer! The Council welcomes you!
You can now perform damaging attacks by moving towards foes.
You can now lightly attack and pin monsters in place by moving around them.
You now have 54 gold pieces (gained 11).
Some of the chunks of flesh in your inventory have rotted away.
Found a stone staircase leading down.
Are you sure you want to abandon this character and quit the game? (Confirm with "yes".)

# . .#..# ## ....#
..#.#.# .#.#.# ..###
....# # #.....#.#.#.#
##### #......@#.#.#
.... .>##..##....# #.#
#..###.#.# ##.#####
##........# ........
..........# .#.####
###.###.#.# ...# ###
### #.#.#
...#####.###.#####.#.#
...##...#.#_#.#....#.#


There were no monsters in sight!

Vanquished Creatures
  2 adders (D:2)
  2 oozes
  3 dart slugs
  A leopard gecko (D:1)
  3 ball pythons
  2 bats (D:1)
  A giant cockroach (D:2)
  3 goblins
  3 hobgoblins (D:1)
  4 jackals (D:1)
  A frilled lizard (D:2)
  3 kobolds (D:1)
  5 rats
33 creatures vanquished.

Notes
Turn   | Place    | Note
-------+----------+-------------------------------------------
     0 | D:1      | Delarado the Octopode Fighter began the quest for the Orb.
     0 | D:1      | Reached XP level 1. HP: 16/16 MP: 1/1
   106 | D:1      | Reached XP level 2. HP: 20/21 MP: 2/2
   171 | D:1      | Reached skill level 3 in Unarmed Combat
   405 | D:1      | Reached XP level 3. HP: 26/26 MP: 3/3
   929 | D:2      | Found a blossoming altar of Fedhas.
   948 | D:2      | Noticed an oklob plant
  1240 | D:2      | Reached skill level 4 in Unarmed Combat
  1284 | D:2      | Reached XP level 4. HP: 31/31 MP: 4/4
  1416 | D:2      | Found a faded altar of an unknown god.
  1418 | D:2      | Became a worshipper of the Wu Jian Council
  1418 | D:2      | Reached * piety under Wu Jian
  1435 | D:2      | Quit the game

Levels and vault maps discovered:
D:1:      shiori_arrival_oz, layout_basic, columned_hall_lemuel, st_stairs_8
D:2:      layout_basic, tgw_fedhas, chequers_ecumenical_altar_twisty,
          minmay_tall_x, uniq_jessica, uniq_terence

Skill      XL: |  1  2  3 |
---------------+----------+-----
Unarmed Combat | 3 4 |  4.3
Fighting       | |  3.0
Dodging        | |  3.0
Shields        | |  3.0

Action                   |  1- 3 |  4- 6 || total
-------------------------+-------+-------++-------
Melee: Unarmed           |    59 |     5 ||    64
       Tentacles         |    15 |     1 ||    16
       Constrict         |    17 |       ||    17
       Punch             |     2 |       ||     2
Throw: Stone             |     7 |       ||     7
 Stab: Sleeping          |     6 |       ||     6
  Eat: Chunk             |     1 |     1 ||     2
Armor: Skin              |     1 |       ||     1
Dodge: Dodged            |    17 |       ||    17
Block: Kite shield       |    14 |     1 ||    15

Table legend:
 A = Non-vault XP
 B = Vault XP
 C = Vault XP percentage of total XP
 D = Non-vault monster count
 E = Vault monster count
 F = Vault count percentage of total count
                 A         B        C        D         E       F
            +---------+---------+-------+---------+---------+-------
      Total |      90 |       5 |   5.3 |      30 |       3 |   9.1
            +---------+---------+-------+---------+---------+-------
        D:1 |      44 |       5 |  10.2 |      20 |       3 |  13.0
        D:2 |      46 |       0 |   0.0 |      10 |       0 |   0.0
            +---------+---------+-------+---------+---------+-------
